 Dungeon Crawl Stone Soup version 0.24.0-13-gcf9b319 (webtiles) character file.

Game seed: 9723701895671538796, levelgen mode: deterministic

2040 CBukowski the Blocker (level 9, -5/77 HPs)
             Began as a Minotaur Fighter on Nov 11, 2019.
             Was a Believer of Okawaru.
             Killed from afar by Psyche (8 damage)
             ... with a magic dart
             ... on level 8 of the Dungeon.
             The game lasted 00:29:06 (6783 turns).

CBukowski the Blocker (Minotaur Fighter)            Turns: 6783, Time: 00:29:07

Health: -5/77      AC: 18    Str: 23    XL:     9   Next: 4%
Magic:  6/8        EV: 12    Int:  5    God:    Okawaru [**....]
Gold:   478        SH: 13    Dex: 11    Spells: 8/8 levels left

rFire    . . .     SeeInvis .   a - +0 long sword
rCold    . . .     Gourm    .   c - +0 shield
rNeg     . . .     Faith    +   y - +0 plate armour
rPois    .         Spirit   .   (helmet restricted)
rElec    .         Reflect  .   j - +0 cloak
rCorr    .         Harm     .   (no gloves)
MR       .....                  B - +0 pair of boots
Stlth    ..........             E - amulet of faith
HPRegen  0.22/turn              k - +2 ring of evasion
MPRegen  0.11/turn              (no ring)

@: heroism
A: retaliatory headbutt, horns 2
a: Heroism, Renounce Religion


You were on level 8 of the Dungeon.
You worshipped Okawaru.
Okawaru was pleased with you.
You were not hungry.

You visited 2 branches of the dungeon, and saw 9 of its levels.
You also visited: Sewer.

You collected 533 gold pieces.
You spent 55 gold pieces at shops.

Inventory:

Hand Weapons
 a - a +0 long sword (weapon)
Missiles
 i - 8 javelins (quivered)
Armour
 c - a +0 shield (worn)
 j - a +0 cloak (worn)
 q - a +0 chain mail
 w - the cursed +1 leather armour "Micikhi" {rCorr Stlth+, unknown}
   (You found it in a sewer)

   It provides partial protection from all sources of acid and corrosion.
   It makes you more stealthy.
   It has a curse placed upon it.
 y - a +0 plate armour (worn)
 B - a +0 pair of boots (worn)
Jewellery
 k - a +2 ring of evasion (left hand)
 r - an uncursed ring of wizardry
 D - an uncursed ring of ice
 E - an amulet of faith (around neck)
Wands
 u - a wand of flame (16)
Scrolls
 e - 3 scrolls of noise {unknown}
 h - 4 scrolls of identify
 l - 2 scrolls of blinking {unknown}
 m - 2 scrolls of teleportation {unknown}
 o - 4 scrolls of remove curse
 s - a scroll of amnesia {unknown}
 t - a scroll of enchant armour {unknown}
 v - 2 scrolls of fog {unknown}
 x - a scroll of enchant weapon {unknown}
 A - a scroll of vulnerability {unknown}
 C - a scroll of magic mapping {unknown}
Potions
 b - a potion of degeneration {unknown}
 d - 2 potions of might
 g - 3 potions of curing {unknown}
 n - 2 potions of brilliance {unknown}
 p - 2 potions of heal wounds {unknown}
 z - a potion of berserk rage {unknown}
Comestibles
 f - 10 rations


   Skills:
 + Level 6.3(11.3) Fighting
 + Level 8.1(13.1) Long Blades
 + Level 7.1(12.1) Armour
 + Level 3.2(8.2) Dodging
 + Level 0.2(5.2) Stealth
 + Level 8.5(13.5) Shields
 + Level 0.1 Invocations


You had 8 spell levels left.
You didn't know any spells.
Your spell library was empty.

Dungeon Overview and Level Annotations

Branches:
Dungeon (8/15)             Temple (1/1) D:5           Sewer (visited)
   Lair: D:8-11

Altars:
Ashenzari
Cheibriados
Dithmenos
Elyvilon
Fedhas
Gozag
Hepliaklqana
Kikubaaqudgha
Nemelex Xobeh
Okawaru
Qazlal
Ru
Sif Muna
Trog
Uskayaw
Vehumet
Wu Jian
Zin
The Shining One

Shops:
D:4 *

Annotations:
D:8 Psyche


Innate Abilities, Weirdness & Mutations

You reflexively headbutt those who attack you in melee.
You have a pair of horns on your head.


Message History

The magic dart hits you.
* * * LOW HITPOINT WARNING * * *
You gain the combat prowess of a mighty hero.
Psyche hits you with a +4 dagger of distortion.
* * * LOW HITPOINT WARNING * * *
Space bends around you.
* * * LOW HITPOINT WARNING * * *
You hit Psyche. Your headbutt misses Psyche.
Psyche is severely wounded.
You block Psyche's attack. Psyche hits you but does no damage.
Space warps horribly around you!
* * * LOW HITPOINT WARNING * * *
You hit Psyche. Your headbutt misses Psyche.
Psyche is severely wounded.
A killer bee zombie comes into view.
You hit Psyche.
Psyche is severely wounded.
Psyche points at you and mumbles some strange words.
The magic dart hits you!
You die...

###### .. #....#
..######....# .
..#.....<..# ..
..?.......#
...##.##....!#
.....zn@@....#
[............#
.Z.....<.....#
..................#
..................#
...........########
...........#
#..........#
#..........#


You could see Psyche, a necrophage, a wight and a killer bee zombie.

Vanquished Creatures
  Grinder (D:4)
  Purgy (Sewer)
  A sky beast (D:7)
  2 ice beasts
  A phantom (D:7)
  An ogre (D:4)
  A necrophage (D:6)
  2 centaurs
  Blork the orc (D:5)
  A bullfrog (D:6)
  2 scorpions
  A howler monkey (D:4)
  A crimson imp (D:7)
  A bullfrog zombie (D:6)
  3 hounds
  A bullfrog skeleton (D:4)
  A centaur zombie (D:7)
  Jessica (D:5)
  3 worker ants (D:7)
  2 orc wizards
  A killer bee zombie (D:7)
  A worker ant zombie (D:5)
  16 gnolls
  8 adders
  2 adder skeletons
  4 worms
  2 dart slugs
  6 leopard geckos
  15 orcs
  7 giant cockroaches
  9 hobgoblins
  11 jackals
  A quokka (D:3)
  2 ball pythons
  9 bats
  5 frilled lizards
  9 goblins
  5 kobolds
  A quokka zombie (D:7)
  4 rats
146 creatures vanquished.

Notes
Turn   | Place    | Note
-------+----------+-------------------------------------------
     0 | D:1      | CBukowski the Minotaur Fighter began the quest for the Orb.
     0 | D:1      | Reached XP level 1. HP: 19/19 MP: 0/0
   271 | D:1      | Reached XP level 2. HP: 27/27 MP: 1/1
   517 | D:2      | Reached XP level 3. HP: 26/33 MP: 2/2
   721 | D:2      | Reached skill level 1 in Dodging
  1039 | D:2      | Reached XP level 4. HP: 40/40 MP: 3/3
  1142 | D:2      | Found an ancient bone altar of Kikubaaqudgha.
  1142 | D:2      | Found a snail-covered altar of Cheibriados.
  1287 | D:2      | Found a faded altar of an unknown god.
  1773 | D:3      | Reached skill level 5 in Shields
  1914 | D:3      | Reached XP level 5. HP: 44/46 MP: 4/4
  2151 | D:3      | Found a bloodstained altar of Trog.
  2502 | D:4      | Found Mestuick's General Store.
  2511 | D:4      | Bought a scroll of identify for 22 gold pieces
  2511 | D:4      | Bought a scroll of remove curse for 33 gold pieces
  2584 | D:4      | Reached XP level 6. HP: 53/53 MP: 5/5
  2604 | D:4      | Reached skill level 5 in Long Blades
  2812 | D:4      | Found an ornate altar of the Wu Jian Council.
  2813 | D:4      | Noticed Grinder
  2815 | D:4      | Paralysed by Grinder for 3 turns
  2833 | D:4      | Killed Grinder
  2833 | D:4      | Reached skill level 5 in Fighting
  2833 | D:4      | Reached skill level 5 in Armour
  2833 | D:4      | Reached XP level 7. HP: 23/61 MP: 6/6
  3873 | D:5      | Entered Level 5 of the Dungeon
  4130 | D:5      | Found a glowing drain.
  4138 | Sewer    | Entered a sewer
  4168 | Sewer    | Noticed Purgy
  4182 | Sewer    | Killed Purgy
  4196 | Sewer    | Got a dazzling leather armour
  4313 | D:5      | Found a staircase to the Ecumenical Temple.
  4320 | Temple   | Entered the Ecumenical Temple
  4404 | Temple   | Became a worshipper of Warmaster Okawaru
  4623 | D:5      | Reached XP level 8. HP: 53/69 MP: 7/7
  4862 | D:5      | Noticed Blork the orc
  4872 | D:5      | Killed Blork the orc
  4948 | D:5      | Reached * piety under Okawaru
  5039 | D:5      | Noticed Jessica
  5050 | D:5      | Killed Jessica
  5057 | D:5      | Found a shimmering blue altar of Sif Muna.
  5431 | D:6      | Found a shadowy altar of Dithmenos.
  5972 | D:7      | Reached ** piety under Okawaru
  6087 | D:7      | Reached XP level 9. HP: 48/77 MP: 8/8
  6767 | D:8      | Noticed Psyche
  6781 | D:8      | HP: 2/77 [Psyche/+4 dagger of distortion (15)]
  6783 | D:8      | Killed from afar by Psyche

Levels and vault maps discovered:
D:1:      dpeg_arrival_simpleton_a, layout_basic,
          corexii_item_surrounded_by_moat, minmay_tetromino_s2
D:2:      layout_basic, gammafunk_temple_overflow_wave,
          chequers_ecumenical_altar_island, first_ration
D:3:      layout_loops_ring, lemuel_statue_altar
D:4:      layout_loops_corners, lemuel_round_altar, serial_forest,
          infiniplex_forest_corner_2, infiniplex_forest_end_1,
          infiniplex_forest_clump_medium, infiniplex_forest_zigzag_1,
          infiniplex_forest_end_3, serial_shops, shop, uniq_grinder
D:5:      layout_loops_ring, minmay_temple_entry_waves, gup_sewer_entry_spiral,
          minmay_misc_feat_room, kennysheep_path_1, tgw_sif, uniq_blork_the_orc
D:6:      layout_loops_ring, nicolae_dithmenos_shadow_blocks
D:7:      layout_gridville
D:8:      layout_rooms, minitemple, serial_undead, serial_undead_e,
          serial_undead_b, serial_undead_a, serial_undead_a, serial_undead_b,
          serial_undead_a, uniq_psyche
Temple:   eino_temple_rhombus

Skill      XL: |  1  2  3  4  5  6  7  8 |
---------------+-------------------------+-----
Shields        | 4 5 6 7 8 |  8.5
Long Blades    | 3 4 5 6 8 |  8.1
Dodging        | 1 2 3 |  3.2
Fighting       | 4 5 6 |  6.3
Armour         | 4 5 6 7 |  7.1
Stealth        | |  0.2
Invocations    | |  0.1

Action                   |  1- 3 |  4- 6 |  7- 9 || total
-------------------------+-------+-------+-------++-------
Melee: Long sword        |    99 |   125 |   260 ||   484
       Headbutt          |    12 |    28 |    65 ||   105
Invok: Heroism           |       |       |     2 ||     2
  Use: Scroll            |       |       |     3 ||     3
  Eat: Chunk             |     1 |     2 |     1 ||     4
       Ration            |       |     1 |     4 ||     5
Armor: Scale mail        |    49 |     5 |       ||    54
       Chain mail        |       |    47 |    39 ||    86
       Plate armour      |       |       |    81 ||    81
Dodge: Dodged            |    46 |    29 |    77 ||   152
Block: Shield            |    68 |    67 |   150 ||   285
       Rpst.: Long sword |    11 |    12 |    14 ||    37
